 Dungeon Crawl Stone Soup version 0.31-a0-1376-g36f0627844 (webtiles) character file.

Game seed: 12241748446323761075

19200 Gargoyl the Cleaver (level 12, -11/77 HPs)
             Began as a Gargoyle Berserker on Dec 24, 2023.
             Was a Follower of Trog.
             Engulfed by flt's ghost's freezing vapour (15 damage)
             ... on level 2 of the Lair of Beasts.
             The game lasted 00:17:10 (10941 turns).

Gargoyl the Cleaver (Gargoyle Berserker)           Turns: 10941, Time: 00:17:11

Health: -11/77     AC: 25    Str: 27 (28) XL:     12   Next: 66%
Magic:  12/12      EV: 10    Int:  5 (8)  God:    Trog [*.....]
Gold:   1097       SH: 10    Dex: 12 (13) Spells: 11/11 levels left

rFire   . . .        a - +0 hand axe
rCold   . . .        u - +0 kite shield
rNeg    + . .        y - +0 chain mail
rPois   ∞            i - +0 helmet
rElec   +            o - +0 cloak
rCorr   +            e - +1 pair of gloves
SInv    .            (no boots)
Will    .....        (no amulet) Stlth
                     f - ring of resist corrosion
HPRegen 0.32/turn    h - +6 ring of strength
MPRegen 0.13/turn

%: no passive effects
@: mighty, on berserk cooldown, very slightly contaminated, hasted and slowed
A: sickness immunity, AC +8, negative energy resistance 1, electricity
resistance, torment resistance 1, petrification resistance, MP-powered wands
a: Renounce Religion, Berserk


You were on level 2 of the Lair of Beasts.
You worshipped Trog.
Trog was aware of your devotion.
You visited 2 branches of the dungeon, and saw 11 of its levels.

You collected 1434 gold pieces.
You spent 337 gold pieces at shops.

Inventory:

Hand Weapons
 a - a +0 hand axe (weapon)
 b - a +0 spear
Missiles
 c - 41 poisoned darts (quivered)
 J - 4 curare-tipped darts
Armour
 e - a +1 pair of gloves (worn)
 i - a +0 helmet (worn)
 o - a +0 cloak (worn)
 u - a +0 kite shield (worn)
 y - a +0 chain mail (worn)
Jewellery
 f - a ring of resist corrosion (left hand)
 h - a +6 ring of strength (right hand)
 l - a ring of ice
 m - a ring of positive energy
 H - a +5 ring of evasion
Wands
 k - a wand of acid (11)
 w - a wand of flame (25)
 C - a wand of polymorph (10)
 E - a wand of paralysis (4)
 G - a wand of mindburst (17)
Scrolls
 d - 2 scrolls of fog
 g - 3 scrolls of identify
 j - a scroll of fear
 p - 2 scrolls of immolation
 q - 2 scrolls of vulnerability
 D - a scroll of revelation
Potions
 s - a potion of lignification
 x - a potion of mutation


   Skills:
 + Level 9.9 Fighting
 + Level 12.4 Axes
 + Level 1.0(8.0) Polearms
 + Level 1.9 Throwing
 + Level 8.4 Armour
 + Level 5.5 Dodging
 + Level 5.2 Stealth
 + Level 8.2 Shields
 + Level 0.2 Evocations


You had 11 spell levels left.
You didn't know any spells.
Your spell library was empty.

Dungeon Overview and Level Annotations

Branches:
Dungeon (9/15)             Temple (0/1) D:6            Lair (2/5) D:9
  Swamp (0/4) Lair:2
  Snake: Lair:2-3    Spider: Lair:2-3       Orc: D:9-12

Altars:
Ashenzari
Kikubaaqudgha
Makhleb
Qazlal
Ru
Vehumet

Shops:
D:3 :(   D:6 *

Annotations:
Lair:2 flt's ghost, journeyman DgFE


Innate Abilities, Weirdness & Mutations

You are immune to sickness and miasma.
Your stone body is resilient. (AC +8)
You are immune to poison.
You resist negative energy. (rN+)
You are resistant to electric shocks. (rElec)
You are resistant to unholy torment.
You are immune to petrification.
You expend magic power (3 MP) to strengthen your wands.


Message History

You completely miss flt's ghost. You miss flt's ghost.
Flt's ghost completely misses you.
You completely miss flt's ghost. You barely miss flt's ghost.
Flt's ghost hits you but does no damage.
You completely miss flt's ghost.
You are no longer berserk.
You are exhausted.
You feel yourself slow down.
You completely miss flt's ghost.
Flt's ghost hits you but does no damage.
You barely miss flt's ghost.
Your skin stops crawling.
You feel less strong-willed. Flt's ghost hits you.
Blink to where?
Press: ? - help, Dir - move target
As you read the scroll of blinking, it crumbles to dust.
Flt's ghost waves its arms in wide circles.
The air twists around and strikes you!!
Okay, then.
Flt's ghost casts a spell.
Flt's ghost blinks!
Flt's ghost gestures at you while chanting.
The freezing blast engulfs you!
* * * LOW HITPOINT WARNING * * *
You are engulfed in freezing vapours.
* * * LOW HITPOINT WARNING * * *
Okay, then.
Okay, then.
Flt's ghost casts a spell.
Flt's ghost blinks!
It was a potion of haste.
You feel yourself speed up.
Flt's ghost points at you and mumbles some strange words.
The freezing blast engulfs you!
* * * LOW HITPOINT WARNING * * *
It was a potion of degeneration.
There was something very wrong with that liquid.
You feel weakened.
You feel dopey.
You feel clumsy.
You are engulfed in freezing vapours.
You die...

##......# #......
#......####### #⌠.....
#..........PP# #......
#.###.#......# #### ###''' #.#
##......## ##PP#### #..5.. ###
##.....######......# #..W..
#......##.##......# #P##.#
####........○○○......# ####..
#....#.#....○@W......####.#..#
##....####..☼○°○.###.........##
#.....## #.......# #.......##.#
##.....# #......## #....P####.#
#P....####.......# #W...## ###
#.....# #.......## #....#
#.....# #P......# ##....##
##....####......# #......##
##.....# #.#..### #.......####


You could see flt's ghost.

Vanquished Creatures
  The ghost of hitsuchi the Thaumaturge, a journeyman DjHW of Makhleb (Lair:2)
  A hydra (Lair:2)
  The ghost of runewalsh the Destroyer, a journeyman OpCj of Gozag (Lair:2)
  Fannar (Lair:1)
  A ghost crab (Lair:2)
  A two-headed ogre (D:8)
  2 catoblepae
  The ghost of YordlordTheGreat the Summoner, a novice MfSu (D:3)
  The ghost of Sekuso the Magician, a novice OpFE (D:7)
  5 elephants (Lair:2)
  A black mamba (Lair:2)
  6 cane toads (Lair:2)
  Maggie (D:8)
  5 komodo dragons
  A kobold demonologist (D:7)
  The ghost of haldagan the Slasher, a novice DEWr (D:4)
  The ghost of Jaike the Sneak, a novice DEEn (D:3)
  Prince Ribbit (D:7)
  2 hornets
  A spectral elephant (Lair:2)
  A spectral black mamba (Lair:2)
  15 yaks
  A wyvern (Lair:2)
  A steam dragon (D:9)
  A spectral cane toad (Lair:2)
  4 water moccasins
  4 orc warriors
  2 sky beasts
  A spectral blink frog (Lair:2)
  2 black bears
  3 ogres
  4 centaurs
  A phantom (D:7)
  8 kobold brigands
  3 bullfrogs
  3 scorpions
  5 wights
  6 killer bees (D:8)
  2 howler monkeys
  2 bombardier beetles
  2 jellies
  A hound (D:5)
  5 orc priests
  3 sleepcaps
  Jessica (D:2)
  A gnoll bouda (D:5)
  An iguana (D:6)
  4 orc wizards
  A statue (D:5)
  8 gnolls
  8 adders
  A shadow imp (D:7)
  A white imp (D:6)
  3 worms
  3 dart slugs
  31 orcs
  6 ball pythons
  7 bats
  3 endoplasms
  4 giant cockroaches
  7 goblins
  6 hobgoblins
  10 jackals
  3 quokkas
  6 frilled lizards
  12 kobolds
  4 rats
246 creatures vanquished.

Vanquished Creatures (others)
  An orc (D:8)
1 creature vanquished.

Grand Total: 247 creatures vanquished

Notes
Turn   | Place    | Note
-------+----------+-------------------------------------------
     0 | D:1      | Gargoyl the Gargoyle Berserker began the quest for the Orb.
     0 | D:1      | Reached XP level 1. HP: 14/14 MP: 1/1
    90 | D:1      | Reached XP level 2. HP: 19/19 MP: 2/2
   218 | D:1      | Reached skill level 3 in Axes
   278 | D:1      | You fall into a shaft and drop 1 floor!
   320 | D:2      | HP: 1/28 [worm (1)]
   495 | D:2      | Reached XP level 3. HP: 23/23 MP: 3/3
   765 | D:1      | Identified a scroll of acquirement
   765 | D:1      | Acquired 841 gold pieces
  1294 | D:2      | Reached ** piety under Trog
  1296 | D:2      | Reached XP level 4. HP: 27/29 MP: 4/4
  1505 | D:2      | Noticed Jessica
  1510 | D:2      | Killed Jessica
  1575 | D:3      | Found a runed translucent gate.
  1575 | D:3      | Found a runed translucent gate.
  1575 | D:3      | Found a runed translucent gate.
  1591 | D:3      | Noticed Jaike's ghost (novice DEEn)
  1592 | D:3      | Noticed YordlordTheGreat's ghost (novice MfSu)
  1613 | D:3      | Found Coibeg's Book Shoppe.
  1749 | D:3      | Found Xostuc's Weapon Shop.
  1749 | D:3      | Noticed a +0 giant club
  1749 | D:3      | Noticed a +0 giant club
  1755 | D:3      | Reached XP level 5. HP: 30/33 MP: 5/5
  1890 | D:3      | Reached skill level 4 in Axes
  1971 | D:3      | Killed YordlordTheGreat's ghost
  1972 | D:3      | Reached skill level 5 in Axes
  1972 | D:3      | Reached XP level 6. HP: 40/40 MP: 6/6
  1972 | D:3      | Reached XP level 7. HP: 44/44 MP: 7/7
  1990 | D:3      | Killed Jaike's ghost
  1991 | D:3      | Reached skill level 5 in Fighting
  2090 | D:4      | Reached skill level 6 in Axes
  2346 | D:4      | Reached XP level 8. HP: 50/50 MP: 8/8
  2414 | D:4      | Found a runed translucent door.
  2499 | D:4      | Noticed haldagan's ghost (novice DEWr)
  2587 | D:4      | Found a broken altar of Ashenzari.
  2618 | D:4      | Found an ancient bone altar of Kikubaaqudgha.
  2803 | D:4      | Found a burning altar of Makhleb.
  3154 | D:4      | Killed haldagan's ghost
  3155 | D:4      | Reached skill level 7 in Axes
  3186 | D:5      | Entered Level 5 of the Dungeon
  3309 | D:5      | Reached XP level 9. HP: 40/55 MP: 9/9
  3636 | D:5      | Identified the +2 sling "Jeupn" {flame, rPois Will+ Dex+4}
  3682 | D:5      | Reached *** piety under Trog
  3745 | D:5      | Found a radiant altar of Vehumet.
  4211 | D:6      | Found a sacrificial altar of Ru.
  4305 | D:6      | Reached skill level 8 in Axes
  4312 | D:6      | Found Ykomn's General Store.
  4328 | D:6      | Bought a potion of mutation for 120 gold pieces
  4328 | D:6      | Bought a potion of resistance for 150 gold pieces
  4328 | D:6      | Bought a +0 chain mail for 67 gold pieces
  4595 | D:6      | Found a staircase to the Ecumenical Temple.
  4984 | D:6      | Reached skill level 1 in Throwing
  5265 | D:7      | Reached skill level 1 in Shields
  5716 | D:7      | Found a runed translucent gate.
  5716 | D:7      | Found a runed translucent gate.
  5716 | D:7      | Found a runed translucent gate.
  5718 | D:7      | Noticed Sekuso's ghost (novice OpFE)
  5719 | D:7      | Noticed a kobold demonologist
  5736 | D:7      | Reached skill level 9 in Axes
  5736 | D:7      | Reached XP level 10. HP: 61/61 MP: 8/10
  5738 | D:7      | Reached skill level 5 in Armour
  5740 | D:7      | Killed Sekuso's ghost
  5742 | D:7      | Noticed a smoke demon
  5747 | D:7      | Killed a kobold demonologist
  5945 | D:8      | Noticed a two-headed ogre
  5958 | D:8      | Killed a two-headed ogre
  5959 | D:8      | Reached skill level 10 in Axes
  6398 | D:8      | Noticed Prince Ribbit
  6418 | D:8      | Noticed Maggie
  6430 | D:7      | HP: 3/64 [Prince Ribbit (14)]
  6445 | D:7      | Killed Prince Ribbit
  6582 | D:8      | Killed Maggie
  6711 | D:9      | Found a staircase to the Lair.
  6920 | D:9      | Reached skill level 5 in Dodging
  6920 | D:9      | Reached XP level 11. HP: 68/68 MP: 11/11
  7086 | D:9      | Found a stormy altar of Qazlal.
  7309 | Lair:1   | Entered Level 1 of the Lair of Beasts
  7324 | Lair:1   | Reached skill level 5 in Shields
  7520 | Lair:1   | Reached skill level 11 in Axes
  7661 | Lair:1   | Noticed Fannar
  7734 | Lair:1   | HP: 2/69 [Fannar/bolt of cold (10)]
  7746 | Lair:1   | Killed Fannar
  8129 | Lair:1   | Noticed a catoblepas
  8154 | Lair:1   | Killed a catoblepas
  9239 | Lair:2   | Found a runed translucent gate.
  9239 | Lair:2   | Found a runed translucent gate.
  9240 | Lair:2   | Found a runed translucent gate.
  9242 | Lair:2   | Noticed hitsuchi's ghost (journeyman DjHW)
  9242 | Lair:2   | Noticed runewalsh's ghost (journeyman OpCj)
  9242 | Lair:2   | Noticed flt's ghost (journeyman DgFE)
  9286 | Lair:2   | Noticed a four-headed hydra
  9301 | Lair:2   | Killed a four-headed hydra
  9371 | Lair:2   | Reached XP level 12. HP: 58/76 MP: 12/12
  9448 | Lair:2   | Reached skill level 1 in Polearms
  9462 | Lair:2   | Reached skill level 12 in Axes
  9789 | Lair:2   | Noticed a catoblepas
  9809 | Lair:2   | Killed a catoblepas
 10265 | Lair:2   | Reached skill level 5 in Stealth
 10305 | Lair:2   | Found a staircase to the Swamp.
 10305 | Lair:2   | Noticed a ghost crab
 10318 | Lair:2   | Killed a ghost crab
 10702 | Lair:2   | Killed runewalsh's ghost
 10856 | Lair:2   | Gained mutation: You expend magic power (3 MP) to
                  | strengthen your wands. [mutagenic glow]
 10866 | Lair:2   | HP: 3/77 [flt's ghost/fireball (37)]
 10917 | Lair:2   | Killed hitsuchi's ghost
 10941 | Lair:2   | Engulfed by flt's ghost's freezing vapour

Illustrated notes

Levels and vault maps discovered:
D:1:      evilmike_arrival_crescent, layout_loops_ring
D:2:      layout_basic, uniq_jessica
D:3:      layout_rooms, serial_shops, nicolae_shop_mannequins, shop,
          gammafunk_ghost_cemetery
D:4:      layout_basic, mainiacjoe_overflow_alcove_2,
          mainiacjoe_overflow_alcove_1, overflow_temple_1_default,
          ebering_ghost_reflecting_pool
D:5:      layout_basic, vehumet_statue, minivault_26, nrook_uturn,
          minmay_circle_x
D:6:      layout_basic, hangedman_ru_absence, minmay_temple_entry_nine_rooms,
          serial_shops, nicolae_shop_behind_doors
D:7:      layout_rooms, gammafunk_ghost_nasty_kobolds, bh_walls_and_bars
D:8:      layout_cave_pools, uniq_maggie, uniq_prince_ribbit1
D:9:      layout_big_octagon, mainiacjoe_overflow_surrounded_room,
          lair_entry_dummy, amcnicky_mini_pool_small, grunt_decor_clamped
Lair:1:   layout_cave_pods, serial_bayou_lagoon_a, uniq_fannar
Lair:2:   layout_cellular_growth, nicolae_swamp_entry_spooky,
          gammafunk_ghost_cemetery

Skill      XL: |  1  2  3  4  5  6  7  8  9 10 11 12 |
---------------+-------------------------------------+-----
Axes           | 3 5 6 7 9 10 11 12 | 12.4
Dodging        | 2 3 4 5 |  5.5
Fighting       | 4 5 6 8 9 |  9.9
Stealth        | 2 3 4 5 |  5.2
Armour         | 3 4 6 7 8 |  8.4
Throwing       | 1 |  1.9
Shields        | 3 4 6 8 |  8.2
Polearms       | 1 |  1.0
Evocations     | |  0.2

Action                     |  1- 3 |  4- 6 |  7- 9 | 10-12 || total
---------------------------+-------+-------+-------+-------++-------
  Melee: Hand axe          |   142 |    66 |   336 |   783 ||  1327
         Punch             |     1 |       |     5 |       ||     6
         Spear             |       |       |       |    20 ||    20
  Throw: Dart              |       |       |     2 |    16 ||    18
 Invoke: Berserk           |     1 |     2 |    13 |    19 ||    35
         Trog's Hand       |       |       |     7 |    24 ||    31
  Evoke: Wand              |       |       |       |     3 ||     3
    Use: Scroll            |     1 |     4 |     4 |    10 ||    19
         Potion            |       |       |       |    14 ||    14
   Stab: Sleeping          |       |     1 |     1 |       ||     2
         Distracted        |       |       |     1 |       ||     1
         Petrified         |       |       |       |     8 ||     8
 Armour: Animal skin       |    77 |    50 |    46 |       ||   173
         Ring mail         |       |       |    90 |       ||    90
         Chain mail        |       |       |   106 |   579 ||   685
         Skin              |       |       |       |     2 ||     2
  Dodge: Dodged            |   113 |    38 |   186 |   238 ||   575
  Block: Kite shield       |       |       |    49 |   368 ||   417

Table legend: (Time is in decaauts)
 A = Elapsed time spent in this place.
 B = Non-inter-level travel time spent in this place.
 C = Inter-level travel time spent in this place.
 D = Time resting spent in this place.
 E = Time spent auto-exploring this place.
 F = Levels seen in this place.
 G = Mean time per level.
                   A        B        C        D        E       F      G
               +--------+--------+--------+--------+--------+-----+--------+
         Total |  11103 |  10829 |    274 |   1731 |   6421 |  11 | 1009.4 |
       Dungeon |   7496 |   7283 |    213 |    829 |   4604 |   9 |  832.9 |
          Lair |   3607 |   3547 |     60 |    902 |   1817 |   2 | 1803.5 |
               +--------+--------+--------+--------+--------+-----+--------+

Top non-repeatable levels by time:
  Lair:2: 2054 daAuts
  Lair:1: 1552 daAuts
     D:4: 1204 daAuts
     D:6: 1004 daAuts
     D:7: 964 daAuts
     D:1: 892 daAuts
     D:5: 841 daAuts
     D:8: 770 daAuts
     D:2: 734 daAuts
     D:9: 621 daAuts
     D:3: 462 daAuts
